 Dungeon Sprint DCSS version 0.27.1-2-g3b301248ec (webtiles) character file.

Game seed: 11568308565472756544

84 boopmooplesden the Shield-Bearer (level 4, -5/43 (45) HPs)
             Began as a Minotaur Fighter on Sept 22, 2021.
             Slain by a necrophage (6 damage)
             ... in the Dungeon (Sprint II: "The Violet Keep of Menkaure").
             The game lasted 00:00:09 (16 turns).

boopmooplesden the Shield-Bearer (Minotaur Fighter)   Turns: 16, Time: 00:00:09

HP:   -5/43 (45)    AC:  7    Str: 21    XL:     4   Next: 24%
MP:   3/3           EV:  8    Int:  5    God:
Gold: 0             SH: 10    Dex: 10    Spells: 3/3 levels left

rFire    . . .     SeeInvis .   a - +0 war axe
rCold    . . .     Faith    .   c - +0 kite shield
rNeg     . . .     Spirit   .   b - +0 scale mail
rPois    .         Reflect  .   (helmet restricted)
rElec    .         Harm     .   (no cloak)
rCorr    .         Rampage  .   (no gloves)
Will     .....     NoTele   +   (no boots)
Stlth    ..........             (no amulet)
HPRegen  0.14/turn              (no ring)
MPRegen  0.08/turn              (no ring)

@: lightly drained
A: horns 2, retaliatory headbutt
a: no special abilities


You were in the Dungeon.
You visited 1 branch

Inventory:

Hand Weapons
 a - a +0 war axe (weapon)
Armour
 b - a +0 scale mail (worn)
 c - a +0 kite shield (worn)
Scrolls
 j - a scroll of blinking
Potions
 d - a potion of might
 e - a potion of curing
 f - a potion of heal wounds
 g - a potion of haste
 h - 2 potions of magic
 i - a potion of berserk rage


   Skills:
 + Level 6.4 Fighting
 + Level 4.0 Axes
 + Level 6.5 Armour
 + Level 0.4 Dodging
 + Level 6.6 Shields


You had 3 spell levels left.
You didn't know any spells.
Your spell library was empty.

Dungeon Overview and Level Annotations

Branches:
Dungeon (1/1)

Altars:


Innate Abilities, Weirdness & Mutations

You have a pair of horns on your head.
You reflexively headbutt those who attack you in melee.


Message History

* * * LOW HITPOINT WARNING * * *
You hit the necrophage. You headbutt the necrophage.
The necrophage is moderately damaged.
You block the necrophage's attack.
You slash the necrophage!
The necrophage is severely damaged.
You block the necrophage's attack.
The necrophage hits you but does no damage.
You slash the necrophage!
The necrophage is almost destroyed.
The necrophage hits you but does no damage.
You slash the necrophage!
You destroy the necrophage!
The necrophage hits you but does no damage.
Your life force feels restored.
Your Fighting skill gained 3 levels and is now at level 6!
Your Axes skill gained 2 levels and is now at level 4!
Your Armour skill gained 3 levels and is now at level 6!
Your Shields skill gained 3 levels and is now at level 6!
You have reached level 2!
You have reached level 3!
Your experience leads to an increase in your attributes!
Increase (S)trength, (I)ntelligence, or (D)exterity?
You feel stronger.
You have reached level 4!
You feel agile.
You barely miss the necrophage. The necrophage hits you.
* * * LOW HITPOINT WARNING * * *
You feel drained.
* * * LOW HITPOINT WARNING * * *
You slash the necrophage! You headbutt the necrophage.
The necrophage is heavily damaged.
The necrophage hits you but does no damage.
The necrophage hits you.
* * * LOW HITPOINT WARNING * * *
You feel drained.
You barely miss the necrophage. You headbutt the necrophage!
The necrophage is almost destroyed.
The necrophage hits you.
You die... ## ## ##. .## .. .. n#n

#n#
##@##
+.<.+
##.##
#+#


You could see 3 necrophages.

Vanquished Creatures
  A necrophage (D)
1 creature vanquished.

Notes
Turn   | Place    | Note
-------+----------+-------------------------------------------
     0 | D        | boopmooplesden the Minotaur Fighter began the quest for the
                  | Orb.
     0 | D        | Reached XP level 1. HP: 19/19 MP: 0/0
     1 | D        | Noticed a necrophage
     1 | D        | Noticed a necrophage
     1 | D        | Noticed a necrophage
     1 | D        | Noticed a necrophage
    13 | D        | Killed a necrophage
    14 | D        | Reached XP level 2. HP: 6/31 MP: 1/1
    14 | D        | Reached XP level 3. HP: 8/38 MP: 2/2
    14 | D        | Reached XP level 4. HP: 9/45 MP: 3/3
    14 | D        | HP: 2/44 [necrophage (2)]
    16 | D        | Slain by a necrophage

Illustrated notes

Levels and vault maps discovered:
D:        the_violet_keep_of_menkaure [sprint2_stairs_cluster_1,
          sprint2_shoproom, sprint2_temple, sprint2_basic_supplies,
          sprint2_obstacle_5, sprint2_obstacle_1, sprint2_obstacle_4,
          sprint2_obstacle_7, sprint2_obstacle_2, sprint2_timed_cluster_1,
          sprint2_smallroom_cluster_1, sprint2_smallroom_final_cluster_1,
          sprint2_transparent_cluster_1, sprint2_second_timed_cluster_1,
          sprint2_sniper_area_1, sprint2_heavy_combat_area_1,
          sprint2_mutation_trap_area_1, sprint2_forest_area_1,
          sprint2_light_combat_area_1, sprint2_behind_water_1,
          sprint2_near_end_vault_1]

Skill      XL: |  1 |
---------------+----+-----
Fighting       | 6 |  6.4
Axes           | 4 |  4.0
Armour         | 6 |  6.5
Shields        | 6 |  6.6
Dodging        | |  0.4

Action                   |  1- 3 |  4- 6 || total
-------------------------+-------+-------++-------
Melee: War axe           |    11 |     3 ||    14
       Headbutt          |     1 |     2 ||     3
Armor: Scale mail        |     7 |     1 ||     8
Block: Kite shield       |     5 |       ||     5
